 Dungeon Crawl Stone Soup version 0.30-a0-462-gd5975efbca (webtiles) character file.

Game seed: 10424944872937655581

912 IdlyInterested the Trooper (level 7, -3/58 HPs)
             Began as a Demonspawn Wanderer on Dec 15, 2022.
             Slain by a gnoll
             ... wielding a +0 halberd
             ... led by a gnoll sergeant
              (13 damage)
             ... on level 5 of the Dungeon on Dec 16, 2022.
             The game lasted 00:19:35 (4500 turns).

IdlyInterested the Trooper (Demonspawn Wanderer)    Turns: 4500, Time: 00:19:36

Health: -3/58      AC: 11    Str: 17    XL:     7   Next: 82%
Magic:  7/7        EV:  7    Int: 15    God:
Gold:   44         SH:  0    Dex: 10    Spells: 6/6 levels left

rFire   + . .      SeeInvis .    s - +2 war axe (flame)
rCold   . . .      Faith    .    (no shield)
rNeg    . . .      Spirit   .    h - +0 chain mail
rPois   .          Reflect  .    (helmet restricted)
rElec   .          Harm     .    (no cloak)
rCorr   .          Rampage  .    H - +0 pair of gloves
Will    .....                    c - +0 pair of boots
Stlth   ..........               u - amulet of regeneration
HPRegen 1.09/turn                p - ring of protection from fire
MPRegen 0.10/turn                (no ring)

@: mighty
A: antennae 1, powered by death 1, powered by pain 1, big brain 1
a: no special abilities


You were on level 5 of the Dungeon.
You visited 2 branches of the dungeon, and saw 6 of its levels.
You also visited: Ossuary.

You collected 216 gold pieces.
You spent 172 gold pieces at shops.

Inventory:

Hand Weapons
 a - a +2 vampiric mace
 s - a +2 war axe of flaming (weapon)
 E - a +0 whip of electrocution
Missiles
 k - 8 poisoned darts (quivered)
 y - 6 atropa-tipped darts
Armour
 c - a +0 pair of boots (worn)
 e - a +0 leather armour
 h - a +0 chain mail (worn)
 o - a +0 scale mail
 r - a +0 robe
 H - a +0 pair of gloves (worn)
Magical Staves
 f - a staff of cold
Jewellery
 p - a ring of protection from fire (left hand)
 u - an amulet of regeneration (around neck)
Wands
 w - a wand of digging (5)
Scrolls
 b - 3 scrolls of fog
 d - a scroll of blinking
 j - a scroll of magic mapping {unknown}
 t - a scroll of vulnerability
 v - a scroll of enchant weapon {unknown}
 B - 2 scrolls of summoning {unknown}
 C - 3 scrolls of identify
Potions
 g - 5 potions of curing
 i - a potion of ambrosia {unknown}
 l - 5 potions of lignification {unknown}
 m - 2 potions of attraction {unknown}
 n - a potion of brilliance
 q - 2 potions of cancellation {unknown}
 x - a potion of berserk rage {unknown}
 z - 2 potions of heal wounds {unknown}
 A - 2 potions of might {unknown}
 D - 2 potions of flight {unknown}
 F - a potion of mutation {unknown}
 G - a potion of magic
 I - a potion of haste {unknown}


   Skills:
 - Level 6.0 Fighting
 + Level 3.6 Maces & Flails
 - Level 1.0 Throwing
 * Level 3.5 Armour
 - Level 1.0 Dodging
 - Level 4.0 Stealth
 - Level 4.0 Evocations


You had 6 spell levels left.
You didn't know any spells.
Your spell library contained the following spells:

 Spells                   Type           Power      Damage    Failure   Level
 Freeze                   Ice            0%         1d3       98%         1
 Ensorcelled Hibernation  Hex/Ice        0%         N/A       99%         2
 Frozen Ramparts          Ice            0%         1d1       100%        3
 Hailstorm                Conj/Ice       0%         3d3       100%        3
 Ozocubu's Armour         Ice            0%         N/A       100%        3
 Spider Form              Tmut/Pois      0%         N/A       100%        3
 Anguish                  Hex/Necr       0%         N/A       100%        4
 Summon Ice Beast         Ice/Summ       0%         N/A       100%        4
 Summon Mana Viper        Hex/Summ       0%         N/A       100%        5
 Monstrous Menagerie      Summ           0%         N/A       100%        7
 Ozocubu's Refrigeration  Ice            0%         4d7       100%        7


Dungeon Overview and Level Annotations

Branches:
Dungeon (5/15)             Temple (1/1) D:4         Ossuary (visited)

Altars:
Cheibriados
Fedhas
Gozag
Hepliaklqana
Makhleb
Nemelex Xobeh
Okawaru
Qazlal
Ru
Trog
Uskayaw
Vehumet
Wu Jian
Yredelemnul

Shops:
D:2 (   D:4 ![[[(


Innate Abilities, Weirdness & Mutations

You have a pair of small antennae on your head.
You regenerate a little health from kills.
You sometimes gain a little power by taking damage.
You have an unusually large brain. (Int +2)


Message History

The gnoll hits you with a +0 flail! The gnoll hits you with a +0 flail.
You hit the gnoll. You burn the gnoll.
You kill the gnoll!
The centaur wields a +0 shortbow.
The centaur shoots an arrow.
The arrow hits you.
The centaur shoots an arrow.
The arrow barely misses you.
The centaur unwields a +0 shortbow.
The centaur closely misses you. The centaur barely misses you.
The gnoll hits you from afar with a +0 halberd!
* * * LOW HITPOINT WARNING * * *
Things that are here:
a +0 flail; a +0 spear; a gnoll corpse You closely miss the centaur.
The centaur hits you but does no damage.
The centaur kicks you but does no damage.
The gnoll closely misses you. The centaur barely misses you. x2
The gnoll hits you from afar with a +0 halberd.
* * * LOW HITPOINT WARNING * * *
The centaur hits you.
* * * LOW HITPOINT WARNING * * *
The centaur kicks you but does no damage.
You feel better. The centaur barely misses you.
The centaur kicks you but does no damage.
The gnoll barely misses you.
You slash the centaur! You burn the centaur.
The centaur is almost dead.
The centaur hits you.
* * * LOW HITPOINT WARNING * * *
The centaur kicks you but does no damage.
The centaur closely misses you.
The centaur kicks you but does no damage.
The gnoll hits you from afar with a +0 halberd.
* * * LOW HITPOINT WARNING * * *
You barely miss the centaur.
The centaur is almost dead.
The centaur hits you.
* * * LOW HITPOINT WARNING * * *
The centaur kicks you.
* * * LOW HITPOINT WARNING * * *
The gnoll hits you from afar with a +0 halberd!
You die...

#########
######.).....######
#gc@).)..<........#
#.####.#####.####.#
# #.....#.# #.#
#####.#.# #.## #.#
#... #.####...
#........
#.#..#...##
#.....<....


You could see a centaur and a gnoll.

Vanquished Creatures
  The ghost of ytrimaz the Magician, an amateur DjFE (D:3)
  An ice beast (D:5)
  An ogre (D:4)
  A scorpion (D:4)
  A gnoll sergeant (D:5)
  A water moccasin zombie (Ossuary)
  2 hounds
  An orc priest (D:3)
  Terence (D:3)
  2 mummies (Ossuary)
  Robin (D:3)
  3 gnolls (D:5)
  8 adders
  2 ufetubi
  2 adder zombies (Ossuary)
  2 worms
  A dart slug (D:5)
  5 orcs
  3 bats
  8 endoplasms
  4 giant cockroaches
  19 goblins
  7 hobgoblins
  7 jackals
  4 kobolds
  2 quokkas (D:1)
  10 ball pythons
  2 frilled lizards
  2 gnoll zombies (Ossuary)
  2 hobgoblin zombies (Ossuary)
  4 kobold zombies (Ossuary)
  7 orc zombies (Ossuary)
  A quokka zombie (D:4)
  5 rats
  A rat zombie (D:4)
124 creatures vanquished.

Vanquished Creatures (others)
  3 plants (D:4)
3 creatures vanquished.

Grand Total: 127 creatures vanquished

Notes
Turn   | Place    | Note
-------+----------+-------------------------------------------
     0 | D:1      | IdlyInterested the Demonspawn Wanderer began the quest for
                  | the Orb.
     0 | D:1      | IdlyInterested set off with the following items: a +2 mace,
                  | a scroll of fog, a +0 pair of boots, a scroll of blinking,
                  | a +0 leather armour.
     0 | D:1      | Reached XP level 1. HP: 13/13 MP: 1/1
   163 | D:1      | Gained mutation: You regenerate a little health from kills.
                  | [demonic ancestry]
   163 | D:1      | Reached XP level 2. HP: 17/20 MP: 2/2
   216 | D:1      | Reached skill level 1 in Fighting
   502 | D:1      | Reached skill level 1 in Throwing
   758 | D:2      | Gained mutation: You have an unusually large brain. (Int
                  | +2) [demonic ancestry]
   758 | D:2      | Reached XP level 3. HP: 26/26 MP: 3/3
   899 | D:2      | Found Kita's Weapon Boutique.
  1534 | D:2      | Bought 6 atropa-tipped darts for 46 gold pieces
  1566 | D:3      | Found a burning altar of Makhleb.
  1632 | D:3      | Reached skill level 2 in Fighting
  1632 | D:3      | Reached skill level 1 in Dodging
  1639 | D:3      | Found a faded altar of an unknown god.
  1744 | D:3      | Noticed Robin
  1815 | D:3      | Reached XP level 4. HP: 34/34 MP: 4/4
  1820 | D:3      | Killed Robin
  1825 | D:3      | Found a basalt altar of Yredelemnul.
  1859 | D:3      | Reached skill level 3 in Fighting
  1914 | D:3      | Found a runed translucent door.
  1917 | D:3      | Noticed ytrimaz's ghost (amateur DjFE)
  2006 | D:3      | Reached XP level 5. HP: 39/41 MP: 5/5
  2479 | D:3      | Noticed Terence
  2492 | D:3      | Killed Terence
  2688 | D:3      | Upgraded the game from 0.30-a0-459-g9104f0fc43 to
                  | 0.30-a0-462-gd5975efbca
  2704 | D:3      | Killed ytrimaz's ghost
  2705 | D:3      | Reached skill level 5 in Fighting
  2705 | D:3      | Gained mutation: You sometimes gain a little power by
                  | taking damage. [demonic ancestry]
  2705 | D:3      | Reached XP level 6. HP: 51/51 MP: 6/6
  2790 | D:4      | Found Ablyomuto's Distillery.
  2814 | D:4      | Found a sand-covered staircase.
  2827 | Ossuary  | Entered an ossuary
  2912 | Ossuary  | Gained mutation: You have a pair of small antennae on your
                  | head. [demonic ancestry]
  2912 | Ossuary  | Reached XP level 7. HP: 55/57 MP: 7/7
  2924 | Ossuary  | Reached skill level 6 in Fighting
  3085 | D:4      | Found a blossoming altar of Fedhas.
  3178 | D:4      | Found Eclo's Antique Armour Shop.
  3183 | D:4      | Found Tapot's Weapon Shoppe.
  3280 | D:4      | Found a staircase to the Ecumenical Temple.
  3308 | D:4      | Found Raqeol's Armour Boutique.
  3564 | D:4      | Found Garshasp's Dragon-Slaying Spoils.
  3697 | D:4      | Found a hazy altar of Hepliaklqana.
  3819 | Temple   | Entered the Ecumenical Temple
  3960 | D:4      | Bought a potion of magic for 112 gold pieces
  3960 | D:4      | Bought a potion of degeneration for 14 gold pieces
  4007 | D:5      | Entered Level 5 of the Dungeon
  4500 | D:5      | Slain by a gnoll

Illustrated notes

Levels and vault maps discovered:
D:1:      lightli_arrival_boilingwater, layout_loops_ring,
          chequers_serial_rivers_micro_e
D:2:      layout_loops_ring, serial_shops, nicolae_shop_bloodbath_and_beyond
D:3:      layout_basic, mainiacjoe_overflow_tiny_flanked,
          mainiacjoe_overflow_brackets, basic_ecumenical_altar,
          hellmonk_ghost_happy_afterlife, uniq_robin, uniq_terence
D:4:      layout_basic, nicolae_hepliaklqana_hippocampus, fedhas_altar_2,
          minmay_temple_entry_gardened_gates, serial_shops, shop,
          nicolae_shop_statue_plus, shop_fountains, nicolae_square_shop,
          enter_ossuary_4, nicolae_shop_dragon_depot
D:5:      layout_basic, nicolae_dithmenos_through_a_glass_darkly,
          guppyfry_early_orc_mine
Temple:   nicolae_temple_x_marks_the_god

Skill      XL: |  1  2  3  4  5  6  7 |
---------------+----------------------+-----
Stealth        | 4 |  4.0
Fighting       | 1 2 3 5 6 |  6.0
Throwing       | 1 |  1.0
Dodging        | 1 |  1.0
Evocations     | 3 4 |  4.0
Armour         | 3 |  3.5
Maces & Flails | 3 |  3.6

Action                   |  1- 3 |  4- 6 |  7- 9 || total
-------------------------+-------+-------+-------++-------
Melee: Mace              |    90 |    89 |   114 ||   293
       War axe           |    21 |    43 |    39 ||   103
       Punch             |       |       |     3 ||     3
Throw: Stone             |    11 |     6 |     5 ||    22
       Dart              |     1 |     1 |       ||     2
  Use: Potion            |     1 |       |     1 ||     2
       Scroll            |     6 |       |       ||     6
 Stab: Sleeping          |     4 |       |       ||     4
Armor: Leather armour    |    25 |       |       ||    25
       Scale mail        |    38 |    56 |    57 ||   151
       Chain mail        |       |       |    35 ||    35
Dodge: Dodged            |    77 |    75 |   101 ||   253

Table legend: (Time is in decaauts)
 A = Elapsed time spent in this place.
 B = Non-inter-level travel time spent in this place.
 C = Inter-level travel time spent in this place.
 D = Time resting spent in this place.
 E = Time spent auto-exploring this place.
 F = Levels seen in this place.
 G = Mean time per level.
                   A        B        C        D        E       F      G
               +--------+--------+--------+--------+--------+-----+--------+
         Total |   4622 |   3842 |    780 |     84 |   2293 |   7 |  660.3 |
       Dungeon |   4383 |   3603 |    780 |     84 |   2247 |   5 |  876.6 |
        Temple |     59 |     59 |      0 |      0 |     46 |   1 |   59.0 |
       Ossuary |    179 |    179 |      0 |      0 |      0 |   1 |  179.0 |
               +--------+--------+--------+--------+--------+-----+--------+

Top non-repeatable levels by time:
     D:3: 1282 daAuts
     D:4: 1191 daAuts
     D:1: 824 daAuts
     D:2: 821 daAuts
     D:5: 264 daAuts
 Ossuary: 179 daAuts
  Temple: 59 daAuts
